 Dungeon Crawl Stone Soup version 0.25.1-2-g60ff931df9 (webtiles) character file.

Game seed: 10639379747420722188

333 snilloc10 the Shooter (level 6, 0/39 HPs)
             Began as a Halfling Hunter on Dec 1, 2020.
             Slain by an orc
             ... wielding a +0 hand axe
              (2 damage)
             ... on level 4 of the Dungeon.
             The game lasted 00:13:55 (3048 turns).

snilloc10 the Shooter (Halfling Hunter)             Turns: 3048, Time: 00:14:01

Health: 0/39       AC:  8    Str: 14    XL:     6   Next: 82%
Magic:  6/6        EV: 16    Int:  9    God:
Gold:   130        SH:  0    Dex: 16    Spells: 5/5 levels left

rFire    . . .     SeeInvis .   j - +1 spear (venom)
rCold    . . .     Gourm    .   (shield restricted)
rNeg     . . .     Faith    +   c - +0 leather armour
rPois    .         Spirit   .   (no helmet)
rElec    .         Reflect  .   h - +0 cloak
rCorr    .         Harm     .   (no gloves)
MR       .....                  (no boots)
Stlth    ++........             u - amulet of faith
HPRegen  0.13/turn              m - +4 ring of protection
MPRegen  0.10/turn              (no ring)

@: stab
A: small, mutation resistance 1
a: no special abilities


You were on level 4 of the Dungeon.
You were not hungry.

You visited 1 branch of the dungeon, and saw 4 of its levels.

You collected 130 gold pieces.

Inventory:

Hand Weapons
 a - a +1 shortbow
 b - a +0 short sword
 j - a +1 spear of venom (weapon)
 t - a +0 club
Missiles
 d - 31 arrows (quivered)
 i - 7 javelins
Armour
 c - a +0 leather armour (worn)
 h - a +0 cloak (worn)
Magical Staves
 r - an uncursed staff of wizardry
Jewellery
 m - a +4 ring of protection (left hand)
 u - an amulet of faith (around neck)
Scrolls
 e - 3 scrolls of remove curse
 k - 3 scrolls of teleportation
 l - a scroll of blinking {unknown}
 n - 4 scrolls of identify {unknown}
 o - a scroll of enchant armour {unknown}
 v - 3 scrolls of immolation {unknown}
Potions
 g - 2 potions of heal wounds {unknown}
 s - a potion of degeneration {unknown}
Comestibles
 f - 7 rations
 q - 2 chunks of flesh


   Skills:
 - Level 1.7 Fighting
 + Level 7.1 Bows
 + Level 4.3 Dodging
 - Level 1.7 Stealth
 - Level 0.4 Unarmed Combat


You had 5 spell levels left.
You didn't know any spells.
Your spell library was empty.

Dungeon Overview and Level Annotations

Branches:
Dungeon (4/15)
 Temple: D:4-7

Altars:
Hepliaklqana
Okawaru


Innate Abilities, Weirdness & Mutations

You are small and have problems with some larger weapons.
You are somewhat resistant to further mutation.


Message History

The orc shouts!
The orc barely misses you.
There is an open door here.
You barely miss the orc. The orc hits you but does no damage.
The orc priest casts a cantrip, but nothing happens.
The orc priest invokes the aid of Beogh against you.
Beogh smites you!
You closely miss the orc. You hit the orc.
The orc is poisoned.
The orc is heavily wounded.
You hit the orc.
You kill the orc!
The orc barely misses you.
It was a potion of stabbing.
You feel ready to backstab.
The orc priest invokes the aid of Beogh against you.
Beogh smites you!
* * * LOW HITPOINT WARNING * * *
The orc hits you with a +0 hand axe.
You die...

######............#
#............+ #.<..........#
#............# ..
######............####+## ...
......##########+##.!...##....
..รท...#.....'....#....)(((....
......#.....#...)#o...........
......#.....#...@oo...../.....
......##'#####...##+######....
.#####......###### ... .#
#......# .. .# #......# .#
#......# .# #......# .#
#......# ## ########


You could see an orc priest and 2 orcs.

Vanquished Creatures
  An ogre (D:4)
  A hound (D:4)
  An orc priest (D:3)
  A worker ant (D:4)
  A hound skeleton (D:4)
  3 adders
  5 worms
  4 dart slugs
  3 leopard geckos
  9 orcs
  3 giant cockroaches
  12 hobgoblins
  10 jackals
  A quokka (D:2)
  9 bats
  3 frilled lizards
  7 goblins
  4 kobolds
  A leopard gecko skeleton (D:4)
  8 rats
87 creatures vanquished.

Notes
Turn   | Place    | Note
-------+----------+-------------------------------------------
     0 | D:1      | snilloc10 the Halfling Hunter began the quest for the Orb.
     0 | D:1      | Reached XP level 1. HP: 14/14 MP: 1/1
   220 | D:1      | Reached XP level 2. HP: 14/19 MP: 2/2
   322 | D:1      | Reached skill level 5 in Bows
   563 | D:1      | Reached XP level 3. HP: 24/24 MP: 3/3
  1270 | D:2      | Reached XP level 4. HP: 23/29 MP: 4/4
  1275 | D:2      | Reached skill level 6 in Bows
  2281 | D:3      | Reached XP level 5. HP: 34/34 MP: 5/5
  2334 | D:3      | Found a hazy altar of Hepliaklqana.
  2873 | D:4      | Reached XP level 6. HP: 39/39 MP: 6/6
  2919 | D:4      | Found an iron altar of Okawaru.
  3025 | D:4      | Noticed an ogre
  3036 | D:4      | Killed an ogre
  3036 | D:4      | Reached skill level 7 in Bows
  3048 | D:4      | Slain by an orc

Illustrated notes

Levels and vault maps discovered:
D:1:      saegor_arrival_simple_e, layout_basic
D:2:      kennysheep_six_static_rooms, layout_basic, serial_glass,
          glass_columns_a, glass_columns_c, glass_columns_c, glass_columns_b,
          glass_columns_a, glass_columns_a, glass_columns_a, glass_columns_a,
          glass_columns_a, glass_columns_a, glass_columns_a, glass_columns_a,
          glass_columns_c, glass_columns_a
D:3:      layout_rooms, overflow_temple_1_default, first_ration
D:4:      layout_gridville, okawaru_trees_1

Skill      XL: |  1  2  3  4  5  6 |
---------------+-------------------+-----
Bows           | 5 6 7 |  7.1
Dodging        | 3 4 |  4.3
Fighting       | |  1.7
Stealth        | |  1.7
Unarmed Combat | |  0.4

Action                   |  1- 3 |  4- 6 || total
-------------------------+-------+-------++-------
Melee: Spear             |     3 |    92 ||    95
       Staff             |       |     7 ||     7
       Shortbow          |       |     1 ||     1
 Fire: Shortbow          |    77 |    77 ||   154
  Use: Scroll            |       |     2 ||     2
       Potion            |       |     1 ||     1
 Stab: Sleeping          |       |     1 ||     1
  Eat: Chunk             |     1 |     6 ||     7
Armor: Leather armour    |     7 |    35 ||    42
Dodge: Dodged            |    17 |    88 ||   105
